 Dungeon Crawl Stone Soup version 0.25-b1-29-g4cfa5c7 (webtiles) character file.

Game seed: 17281572189610209908, levelgen mode: deterministic

45206 Dorkslayer the Cleaver (level 14, 0/76 HPs)
             Began as a Demonspawn Fighter on June 5, 2020.
             Was the Champion of Okawaru.
             Collided with an apocalypse crab (5 damage)
             ... caused by a wretched star
             ... on level 2 of the Abyss on June 6, 2020.
             The game lasted 01:39:03 (13602 turns).

Dorkslayer the Cleaver (Demonspawn Fighter)        Turns: 13602, Time: 01:39:03

Health: 0/76       AC: 21    Str: 23      XL:     14   Next: 0%
Magic:  0/22       EV:  8    Int: 20 (21) God:    Okawaru [******]
Gold:   647        SH: 13    Dex:  7 (8)  Spells: 11/13 levels left

rFire    + + +     SeeInvis +   E - +10 broad axe "Giantbane" {elec, rF++ Int+6}
rCold    + . .     Gourm    .   v - +2 kite shield of the Slorg {-Tele Str+7 Int+3}
rNeg     . . .     Faith    .   m - +1 plate armour {rF+}
rPois    +         Spirit   +   C - +2 hat {SInv}
rElec    .         Reflect  .   b - +1 cloak {rPois}
rCorr    .         Harm     .   (gloves unavailable)
MR       +....     Rnd*Rage +   L - +0 pair of boots Stlth ..........NoTele +
                                h - amulet of the acrobat
HPRegen  0.00/turn              u - ring of protection from fire
MPRegen  0.36/turn              x - +4 ring of protection

@: no status effects
A: beak, claws 3, hooves 2, horns 1, thin metallic scales 1, [berserk 3],
[clumsy 2], cold resistance 1, [deformed body], [deterioration 2], [frail 3],
[screaming 2], inhibited regeneration, [teleportitis 3], [weak 2], magic shield,
magic regeneration, magic link
a: Heroism, Finesse, Renounce Religion


You were on level 2 of the Abyss.
You worshipped Okawaru.
Okawaru was exalted by your worship.
You were not hungry.

You visited 2 branches of the dungeon, and saw 16 of its levels.
You visited the Abyss 1 time.
You also visited: Ossuary and Gauntlet.

You collected 1682 gold pieces.
You spent 1035 gold pieces at shops.

Inventory:

Hand Weapons
 a - a +1 war axe
 E - the +10 broad axe "Giantbane" (weapon) {elec, rF++ Int+6}
   (You bought it in a shop on level 8 of the Dungeon)

   Occasionally, upon striking a foe, it will discharge some electrical energy
   and cause terrible harm.
   It affects your intelligence (+6).
   It greatly protects you from fire.
 M - a +3 broad axe of protection
 R - a +3 broad axe of distortion
Missiles
 j - 44 poisoned darts
 t - 15 boomerangs
 A - 3 javelins
 H - 5 atropa-tipped darts
 P - 11 silver javelins (quivered)
Armour
 b - a +1 cloak of poison resistance (worn)
 i - a +0 pair of gloves of dexterity
 l - a +2 pair of gloves
 m - a +1 plate armour of fire resistance (worn)
 v - the +2 kite shield of the Slorg (worn) {-Tele Str+7 Int+3}
   (Okawaru gifted it to you in a Gauntlet)

   It affects your strength (+7).
   It affects your intelligence (+3).
   It prevents most forms of teleportation.
 C - a +2 hat of see invisible (worn)
 L - a +0 pair of boots (worn)
Jewellery
 h - an amulet of the acrobat (around neck)
 u - a ring of protection from fire (left claw)
 x - a +4 ring of protection (right claw)
 J - the cursed ring of the Republic {rC+ rN+ MP+9 Str-4 SInv}
   (You found it in a Gauntlet)

   [ring of strength]

   It affects your strength (-4).
   It protects you from cold.
   It protects you from negative energy.
   It affects your magic capacity (+9).
   It lets you see invisible.
   It has a curse placed upon it.
 T - an uncursed ring of poison resistance
Wands
 o - a wand of polymorph (10)
 y - a wand of iceblast (15)
 F - a wand of paralysis (2)
 I - a wand of random effects (28)
 N - a wand of clouds (6)
Scrolls
 e - 5 scrolls of immolation
 k - 3 scrolls of teleportation
 n - 3 scrolls of fear
 q - 4 scrolls of fog
 r - a scroll of amnesia
 Q - 2 scrolls of remove curse
 S - a scroll of magic mapping
Potions
 c - a potion of invisibility
 d - 3 potions of might
 g - a potion of stabbing
 p - 10 potions of curing
 s - a potion of haste
 w - 2 potions of magic
 z - 3 potions of flight
 D - a potion of cancellation
 O - a potion of ambrosia
Miscellaneous
 G - a phial of floods
Comestibles
 f - 18 rations
 B - 2 chunks of flesh


   Skills:
 * Level 9.9 Fighting
 + Level 11.9 Axes
 + Level 4.4 Throwing
 * Level 7.9 Armour
 * Level 6.9 Dodging
 + Level 2.7 Stealth
 * Level 9.2 Shields
 * Level 11.8 Invocations
 + Level 5.2 Evocations


You had 11 spell levels left.
You knew the following spells:

 Your Spells              Type           Power        Failure   Level  Hunger
a - Corona                Hex            #......      99%         1    ##.....
b - Freeze                Ice            #...         99%         1    ##.....

Your spell library contained the following spells:

 Spells                   Type           Power        Failure   Level  Hunger
 Animate Skeleton         Necr           N/A          99%         1    ##.....
 Apportation              Tloc           #.....       99%         1    ##.....
 Summon Small Mammal      Summ           #...         99%         1    ##.....
 Poisonous Vapours        Pois/Air       #.....       100%        2    ###....
 Conjure Flame            Conj/Fire      #.......     100%        3    ####...
 Frozen Ramparts          Ice            #.....       100%        3    ####...
 Mephitic Cloud           Conj/Pois/Air  #.......     100%        3    ####...
 Ozocubu's Armour         Chrm/Ice       #.......     100%        3    ####...
 Hailstorm                Conj/Ice       #.......     100%        4    #####..
 Summon Ice Beast         Ice/Summ       #.......     100%        4    #####..
 Freezing Cloud           Conj/Ice/Air   #.........   100%        6    #######
 Ring of Flames           Chrm/Fire      #.........   100%        7    #######


Dungeon Overview and Level Annotations

Branches:
Dungeon (14/15)            Temple (0/1) D:5            Lair (0/6) D:8
    Orc (2/2) D:9             Elf (0/3) Orc:2       Ossuary (visited)
Gauntlet (visited)
 Vaults: D:13-14

Altars:
Cheibriados
Dithmenos
Elyvilon
Hepliaklqana
Kikubaaqudgha
Makhleb
Okawaru
Qazlal
Ru
Trog
Vehumet
Wu Jian
Xom
The Shining One
Beogh

Shops:
D:8 (   D:13 !   Orc:2 !(%=


Innate Abilities, Weirdness & Mutations

You have claws for hands.
You are partially covered in thin metallic scales. (AC +2)
Your flesh is cold resistant. (rC+)
When hurt, damage is shared between your health and your magic reserves.
You regenerate magic rapidly.
When low on magic, you restore magic in place of health.
You have a beak for a mouth.
You have hoof-like feet.
You have a pair of small horns on your head.
You do not regenerate when monsters are visible.
[You have an uncontrollable temper.]
[You are very clumsy. (Dex -4)]
[Armour fits poorly on your strangely shaped body.]
[Your body often deteriorates upon taking damage.]
[You are extremely frail. (-30% HP)]
[You sometimes yell uncontrollably at your foes.]
[You are often teleported next to monsters.]
[You are very weak. (Str -4)]


Message History

The wretched star pulses with an eldritch light!
You feel extremely angry at everything!
You cannot teleport because you are wearing the +2 kite shield of the Slorg {-Tele Str+7 Int+3}.
The apocalypse crab breathes chaos at you.
The blast of chaos engulfs you! You resist with some effort.
You are engulfed in seething chaos.
The apocalypse crab breathes chaos at you.
The blast of chaos misses you.
You are engulfed in seething chaos.
The wretched star is engulfed in seething chaos.
The wretched star seems to speed up.
You slice the apocalypse crab!!
You headbutt the apocalypse crab, but do no damage.
The apocalypse crab is moderately wounded.
The wretched star glows turbulently.
The lance of force hits you.
* * * LOW HITPOINT WARNING * * *
You are knocked back by the lance of force.
You collide with the apocalypse crab!
You die...

.. #. #.. .. ...
#. #.##. #...#
....## # #t#.###
## . #.@...###
###.#.
#...*...####....#.
#####.####.#### #
###*.##.#. ..#..
#.........##..#
#..).### .#.#. #
##.##..#.# # ###
#..**# ### # ###.#
#


You could see 2 wretched stars and an apocalypse crab.

Vanquished Creatures
  Gastronok (D:8)
  An orc warlord (Orc:1)
  A minotaur (Gauntlet)
  A blizzard demon (Gauntlet)
  A rakshasa (Abyss:2)
  A hydra (D:12)
  2 two-headed ogres
  2 centaur warriors
  An orc high priest (Orc:2)
  4 thrashing horrors
  The ghost of cpf86 the Archer, a novice CeHu of Okawaru (D:11)
  3 wretched stars (Abyss:2)
  An unseen horror (D:10)
  Pikel (D:6)
  A necromancer (Abyss:2)
  A deep elf mage (D:12)
  2 manticores (D:12)
  7 ugly things
  3 cyclopes
  7 orc sorcerers
  A worldbinder (Gauntlet)
  Psyche (D:8)
  Maurice (D:8)
  A komodo dragon (D:13)
  2 ancient zymes (Abyss:2)
  6 trolls
  3 hornets
  A raiju (Gauntlet)
  2 hippogriffs
  8 shadows
  2 wraiths
  Sigmund (D:6)
  A redback (D:11)
  A wyvern (D:14)
  21 yaks
  A steam dragon (D:12)
  A hungry ghost (D:10)
  2 vampire mosquitoes (D:13)
  3 wargs
  2 water moccasins
  3 slaves (D:6)
  3 black bears
  A hornet zombie (D:9)
  3 phantoms
  22 orc warriors
  4 sky beasts
  12 ogres
  4 ice beasts
  An eye of draining (D:12)
  2 boggarts (Gauntlet)
  A necrophage (D:11)
  11 centaurs
  A big kobold (D:10)
  7 bullfrogs
  5 small abominations
  A water moccasin zombie (D:12)
  3 scorpions
  8 killer bees
  2 vampire bats (D:4)
  3 wights (D:14)
  3 howler monkeys (D:7)
  6 crimson imps
  2 bullfrog zombies (D:6)
  5 centaur zombies
  5 hounds
  An iron imp (Abyss:2)
  6 jellies
  4 centaur skeletons
  32 orc priests
  36 orc wizards
  3 bullfrog skeletons
  4 iguanas
  2 lightning spires (Gauntlet)
  9 worker ants
  2 hound zombies
  3 mummies (Ossuary)
  2 worker ant zombies
  Robin (D:2)
  7 gnolls
  15 adders
  2 shadow imps
  2 oozes
  An adder skeleton (D:6)
  2 adder zombies (D:9)
  2 worms (D:2)
  2 dart slugs (D:1)
  6 leopard geckos
  74 orcs
  10 bats
  3 bat skeletons (D:4)
  3 bat zombies (D:4)
  3 giant cockroaches
  17 goblins
  11 hobgoblins
  9 jackals
  3 quokkas
  3 ball pythons
  4 frilled lizards
  3 goblin zombies (Ossuary)
  3 hobgoblin zombies (Ossuary)
  8 kobolds
  2 kobold zombies (Ossuary)
  A leopard gecko zombie (D:5)
  5 rats
527 creatures vanquished.

Vanquished Creatures (others)
  An ice beast (D:6)
  An orc (Orc:2)
  A jackal (D:6)
  A goblin zombie (Ossuary)
  A fungus (Gauntlet)
5 creatures vanquished.

Grand Total: 532 creatures vanquished

Notes
Turn   | Place    | Note
-------+----------+-------------------------------------------
     0 | D:1      | Dorkslayer the Demonspawn Fighter began the quest for the
                  | Orb.
     0 | D:1      | Reached XP level 1. HP: 18/18 MP: 1/1
   324 | D:1      | Gained mutation: You are partially covered in thin metallic
                  | scales. (AC +2) [demonic ancestry]
   324 | D:1      | Reached XP level 2. HP: 22/24 MP: 2/2
   913 | D:2      | Gained mutation: You have sharp fingernails. [demonic
                  | ancestry]
   913 | D:2      | Reached XP level 3. HP: 24/29 MP: 3/3
   955 | D:2      | Noticed Robin
   962 | D:2      | Reached skill level 1 in Throwing
   974 | D:2      | Killed Robin
  1251 | D:2      | Found a stormy altar of Qazlal.
  1366 | D:2      | Reached XP level 4. HP: 35/35 MP: 4/4
  1733 | D:3      | Reached skill level 1 in Dodging
  1879 | D:3      | Gained mutation: When hurt, damage is shared between your
                  | health and your magic reserves. [demonic ancestry]
  1879 | D:3      | Reached XP level 5. HP: 38/41 MP: 5/5
  1945 | D:3      | Noticed a black bear
  1954 | D:3      | Killed a black bear
  2049 | D:3      | Gained mutation: You regenerate magic rapidly. [demonic
                  | ancestry]
  2049 | D:3      | Reached XP level 6. HP: 37/48 MP: 4/6
  2062 | D:3      | Found an iron altar of Okawaru.
  2065 | D:3      | Became a worshipper of Warmaster Okawaru
  2133 | D:3      | Found a shadowy altar of Dithmenos.
  2238 | D:3      | Found a radiant altar of Vehumet.
  2241 | D:3      | Found a shimmering altar of Xom.
  2559 | D:4      | Gained mutation: You have very sharp fingernails. [demonic
                  | ancestry]
  2559 | D:4      | Reached XP level 7. HP: 46/54 MP: 7/7
  2614 | D:4      | Reached * piety under Okawaru
  2657 | D:4      | Found an ancient bone altar of Kikubaaqudgha.
  2666 | D:4      | Reached skill level 1 in Invocations
  2674 | D:4      | Reached skill level 1 in Evocations
  2848 | D:4      | Found a glowing golden altar of the Shining One.
  3261 | D:5      | Entered Level 5 of the Dungeon
  3311 | D:5      | Found a staircase to the Ecumenical Temple.
  3572 | D:5      | Reached skill level 5 in Axes
  3633 | D:5      | Reached XP level 8. HP: 41/61 MP: 6/9
  3749 | D:5      | Reached ** piety under Okawaru
  4129 | D:6      | Noticed Pikel
  4139 | D:6      | Killed Pikel
  4140 | D:6      | Reached skill level 5 in Shields
  4193 | D:6      | Reached *** piety under Okawaru
  4193 | D:6      | Reached skill level 5 in Invocations
  4216 | D:6      | Gained mutation: When low on magic, you restore magic in
                  | place of health. [demonic ancestry]
  4216 | D:6      | Reached XP level 9. HP: 37/66 MP: 9/13
  4240 | D:6      | Found a sand-covered staircase.
  4253 | Ossuary  | Entered an ossuary
  4862 | D:6      | Found an ornate altar of the Wu Jian Council.
  4892 | D:6      | Found a snail-covered altar of Cheibriados.
  4898 | D:6      | Noticed Sigmund
  4940 | D:6      | Killed Sigmund
  4940 | D:6      | Received a gift from Okawaru
  4940 | D:6      | Reached skill level 5 in Fighting
  5048 | D:6      | Identified the +1 buckler "Kufaucs" {-Cast Harm +Blink
                  | rF+++}
  5948 | D:7      | Found a sacrificial altar of Ru.
  6047 | D:7      | Found a bloodstained altar of Trog.
  6309 | D:7      | Found a white marble altar of Elyvilon.
  6380 | D:7      | Found a burning altar of Makhleb.
  6486 | D:8      | Noticed Gastronok
  6499 | D:8      | Killed Gastronok
  6499 | D:8      | Reached **** piety under Okawaru
  6499 | D:8      | Reached ***** piety under Okawaru
  6499 | D:8      | Received a gift from Okawaru
  6499 | D:8      | Reached skill level 1 in Stealth
  6499 | D:8      | Reached skill level 5 in Evocations
  6499 | D:8      | Reached XP level 10. HP: 48/76 MP: 7/15
  6587 | D:8      | Found a staircase to the Lair.
  6631 | D:8      | Noticed a two-headed ogre
  6654 | D:8      | Killed a two-headed ogre
  6694 | D:8      | Noticed Psyche
  6706 | D:8      | Killed Psyche
  6712 | D:8      | Paralysed by a hornet for 3 turns
  6941 | D:8      | Found an ornate altar of the Wu Jian Council.
  6988 | D:8      | Noticed Maurice
  7002 | D:8      | Killed Maurice
  7002 | D:8      | Received a gift from Okawaru
  7109 | D:8      | Found Emoub's Antique Weapon Boutique.
  7154 | D:8      | Bought a polished broad axe for 270 gold pieces
  7154 | D:8      | Identified the +10 broad axe "Giantbane" {elec, rF++ Int+6}
                  | (You bought it in a shop on level 8 of the Dungeon)
  7411 | D:9      | Found a staircase to the Orcish Mines.
  7454 | Orc:1    | Entered Level 1 of the Orcish Mines
  7468 | Orc:1    | Noticed an orc sorcerer
  7473 | Orc:1    | Paralysed by an orc sorcerer for 5 turns
  7484 | Orc:1    | Killed an orc sorcerer
  7484 | Orc:1    | Reached XP level 11. HP: 61/83 MP: 15/17
  7610 | Orc:1    | Reached skill level 5 in Armour
  7639 | Orc:2    | Entered Level 2 of the Orcish Mines
  7684 | Orc:2    | Noticed an orc warlord
  7837 | Orc:1    | Killed an orc warlord
  7842 | Orc:2    | Noticed an orc sorcerer
  7853 | Orc:2    | Killed an orc sorcerer
  7964 | Orc:2    | Noticed an orc sorcerer
  7966 | Orc:2    | Noticed an orc sorcerer
  7966 | Orc:2    | Noticed an orc high priest
  7966 | Orc:2    | Noticed an orc sorcerer
  7969 | Orc:2    | Killed an orc sorcerer
  7970 | Orc:2    | Killed an orc sorcerer
  7970 | Orc:2    | Received a gift from Okawaru
  7975 | Orc:2    | Noticed an orc sorcerer
  7981 | Orc:2    | Found a bloodstained altar of Trog.
  7985 | Orc:2    | Found a staircase to the Elven Halls.
  8005 | Orc:2    | Noticed an orc sorcerer
  8014 | Orc:1    | Found a runed translucent door.
  8362 | Orc:2    | Killed an orc sorcerer
  8368 | Orc:2    | Noticed a sun demon
  8370 | Orc:2    | Killed an orc high priest
  8370 | Orc:2    | Reached skill level 5 in Dodging
  8399 | Orc:2    | Paralysed by an orc sorcerer for 6 turns
  8408 | Orc:2    | Killed an orc sorcerer
  8408 | Orc:2    | Reached skill level 10 in Invocations
  8457 | Orc:2    | Killed an orc sorcerer
  8457 | Orc:2    | Gained mutation: You have claws for hands. [demonic
                  | ancestry]
  8457 | Orc:2    | Reached XP level 12. HP: 66/92 MP: 15/19
  8465 | Orc:2    | Gained mutation: You have large cloven feet. [potion of
                  | mutation]
  8465 | Orc:2    | Gained mutation: You are resistant to hostile enchantments.
                  | (MR+) [potion of mutation]
  8465 | Orc:2    | Gained mutation: [Your body sometimes deteriorates upon
                  | taking damage.] [potion of mutation]
  8465 | Orc:2    | Gained mutation: You are agile. (Dex +2) [potion of
                  | mutation]
  8466 | Orc:2    | Lost mutation: You are resistant to hostile enchantments.
                  | (MR+) [potion of mutation]
  8466 | Orc:2    | Lost mutation: [Your body sometimes deteriorates upon
                  | taking damage.] [potion of mutation]
  8466 | Orc:2    | Gained mutation: Potions are less effective at restoring
                  | your health. [potion of mutation]
  8466 | Orc:2    | Gained mutation: Your muscles are strong. (Str +2) [potion
                  | of mutation]
  8466 | Orc:2    | Gained mutation: Your flesh is cold resistant. (rC+)
                  | [potion of mutation]
  8467 | Orc:2    | Lost mutation: Your flesh is cold resistant. (rC+) [potion
                  | of mutation]
  8467 | Orc:2    | Lost mutation: Your muscles are strong. (Str +2) [potion of
                  | mutation]
  8467 | Orc:2    | Gained mutation: Your spells are a little harder to cast,
                  | but a little more powerful. [potion of mutation]
  8467 | Orc:2    | Gained mutation: You have a beak for a mouth. [potion of
                  | mutation]
  8467 | Orc:2    | Gained mutation: You possess an exceptional clarity of
                  | mind. [potion of mutation]
  8511 | Orc:2    | Found Jiuwan's Weapon Shoppe.
  8511 | Orc:2    | Found Agourghu's Distillery.
  8515 | Orc:2    | Found Imeq's Jewellery Emporium.
  8515 | Orc:2    | Found Sexatepp's Food Emporium.
  8543 | Orc:2    | Bought a potion of heal wounds for 75 gold pieces
  8543 | Orc:2    | Bought a potion of heal wounds for 75 gold pieces
  8543 | Orc:2    | Bought a potion of curing for 45 gold pieces
  8543 | Orc:2    | Bought 3 potions of haste for 450 gold pieces
  8543 | Orc:2    | Bought a potion of curing for 45 gold pieces
  8543 | Orc:2    | Bought a potion of heal wounds for 75 gold pieces
  8982 | Orc:1    | Found a roughly hewn altar of Beogh.
  9203 | D:9      | Reached skill level 10 in Axes
  9413 | D:9      | Noticed a two-headed ogre
  9419 | D:9      | Killed a two-headed ogre
  9599 | D:9      | Found a hazy altar of Hepliaklqana.
  9663 | D:10     | Entered Level 10 of the Dungeon
 10002 | D:10     | Received a gift from Okawaru
 10165 | D:10     | Reached ****** piety under Okawaru
 10201 | D:11     | Found a runed translucent gate.
 10202 | D:11     | Found a runed translucent gate.
 10248 | D:11     | Found a runed translucent gate.
 10249 | D:11     | Noticed cpf86's ghost (novice CeHu)
 10386 | D:11     | Killed cpf86's ghost
 10858 | D:11     | Lost mutation: You possess an exceptional clarity of mind.
                  | [potion of mutation]
 10858 | D:11     | Lost mutation: You are agile. (Dex +2) [potion of mutation]
 10858 | D:11     | Lost mutation: Potions are less effective at restoring your
                  | health. [potion of mutation]
 10858 | D:11     | Gained mutation: You have hoof-like feet. [potion of
                  | mutation]
 10858 | D:11     | Lost mutation: Your spells are a little harder to cast, but
                  | a little more powerful. [potion of mutation]
 10858 | D:11     | Gained mutation: You do not regenerate when monsters are
                  | visible. [potion of mutation]
 10858 | D:11     | Gained mutation: You have a pair of small horns on your
                  | head. [potion of mutation]
 11167 | D:12     | Noticed an eight-headed hydra
 11177 | D:12     | Killed a 17-headed hydra
 11234 | D:12     | Found a gate leading to a gauntlet.
 11242 | Gauntlet | Entered a Gauntlet
 11242 | Gauntlet | Found a transporter.
 11242 | Gauntlet | Found a runed translucent door.
 11441 | Gauntlet | Found a runed translucent door.
 11443 | Gauntlet | Found a transporter.
 11447 | Gauntlet | Found a transporter.
 11456 | Gauntlet | Found a transporter.
 11459 | Gauntlet | Found a transporter.
 11467 | Gauntlet | Found a transporter.
 11471 | Gauntlet | Found a transporter.
 11479 | Gauntlet | Found a transporter.
 11483 | Gauntlet | Found a transporter.
 11491 | Gauntlet | Found a transporter.
 11513 | Gauntlet | Found a transporter.
 11516 | Gauntlet | Noticed a blizzard demon
 11525 | Gauntlet | Found a transporter.
 11537 | Gauntlet | Found a transporter.
 11549 | Gauntlet | Found a transporter.
 11644 | Gauntlet | Received a gift from Okawaru
 11647 | Gauntlet | Reached XP level 13. HP: 66/99 MP: 13/21
 11651 | Gauntlet | Got a faintly humming kite shield {god gift}
 11662 | Gauntlet | Identified the +2 kite shield of the Slorg {-Tele Str+7
                  | Int+3} (Okawaru gifted it to you in a Gauntlet)
 11664 | Gauntlet | Learned a level 1 spell: Corona
 11666 | Gauntlet | Learned a level 1 spell: Freeze
 11670 | Gauntlet | Got a twitching bone ring
 11825 | Gauntlet | Killed a blizzard demon
 12096 | Gauntlet | Noticed a minotaur
 12105 | Gauntlet | Killed a minotaur
 12203 | D:12     | Identified the cursed ring of the Republic {rC+ rN+ MP+9
                  | Str-4 SInv} (You found it in a Gauntlet)
 13046 | D:13     | Found Waiz's Distillery.
 13136 | D:13     | You fall into a shaft and drop 1 floor!
 13298 | D:14     | Received a gift from Okawaru
 13307 | D:14     | Cast into level 2 of the Abyss (unwielding a weapon of
                  | distortion)
 13597 | Abyss:2  | Gained mutation: Your flesh is cold resistant. (rC+)
                  | [demonic ancestry]
 13597 | Abyss:2  | Reached XP level 14. HP: 22/76 MP: 12/22
 13597 | Abyss:2  | Noticed a starcursed mass
 13602 | Abyss:2  | Collided with an apocalypse crab

Illustrated notes

Levels and vault maps discovered:
D:1:      onia_arrival_mini_maze_b, layout_basic, minmay_misc_feat_hallway,
          minmay_misc_feat_diagonals
D:2:      layout_loops_cross, grunt_qazlal_sundering, uniq_robin
D:3:      layout_basic, minitemple, marbit_many_paths, grunt_dithmenos_smoke,
          serial_park_tiny_1
D:4:      layout_loops_ring, kennysheep_vampire_church, kennysheep_mini,
          first_ration, serial_park_tiny_pond, grunt_decor_fettered
D:5:      layout_gridville, minmay_temple_entry_stoned_glass
D:6:      layout_basic, lemuel_crystal_altar, lemuel_round_altar,
          nicolae_ossuary_entry_ruins, uniq_pikel, uniq_sigmund
D:7:      layout_layer_cave, lemuel_doored_altar, lemuel_coloured_pillars_altar,
          old_standard_altar, elyvilon_altar_4
D:8:      layout_basic, lair_entry_dummy, basic_altar, serial_shops,
          shop_fountains, grunt_ogre_cave, nicolae_straight_to_the_point,
          uniq_maurice, uniq_gastronok, uniq_psyche
D:9:      layout_basic, nicolae_overflow_crystal_walls, orc_0_dummy
D:10:     layout_rooms
D:11:     layout_layer_cave, gammafunk_ghost_split, minmay_misc_feat_enclosed
D:12:     layout_loops_cross, gauntlet_entry_generic, drop_trap
D:13:     layout_irregular_city, skrybe_vaults_entry_preservation,
          minmay_shop_grid_forest, minmay_fractal_squares_5
D:14:     layout_long_grid, door_vault
Orc:1:    layout_diamond_mine, lightli_church_of_beogh
Orc:2:    st_orc_mages, layout_caves, basic_altar
Abyss:2:  base:
Lair:1

Skill      XL: |  1  2  3  4  5  6  7  8  9 10 11 12 13 |
---------------+----------------------------------------+-----
Shields        | 3 4 5 6 7 8 9 |  9.2
Axes           | 2 3 4 5 6 7 8 9 11 | 11.9
Throwing       | 1 2 3 4 |  4.4
Dodging        | 1 2 3 4 5 6 |  6.9
Armour         | 3 4 5 6 7 |  7.9
Fighting       | 4 5 6 7 8 9 |  9.9
Invocations    | 2 5 7 8 10 11 | 11.8
Evocations     | 1 3 5 |  5.2
Stealth        | 1 2 |  2.7

Action                   |  1- 3 |  4- 6 |  7- 9 | 10-12 | 13-15 || total
-------------------------+-------+-------+-------+-------+-------++-------
Melee: War axe           |   109 |   173 |   472 |       |       ||   754
       Broad axe         |       |       |    16 |   496 |   226 ||   738
       Peck              |       |       |       |    48 |    52 ||   100
       Kick              |       |       |       |    31 |       ||    31
       Headbutt          |       |       |       |    13 |    56 ||    69
Throw: Dart              |    12 |    17 |    52 |    26 |     7 ||   114
       Throwing net      |       |       |       |     1 |       ||     1
       Boomerang         |       |       |       |    53 |     4 ||    57
       Javelin           |       |       |       |       |    13 ||    13
Invok: Heroism           |       |       |     1 |     4 |     1 ||     6
       Finesse           |       |       |       |     2 |       ||     2
Evoke: Wand              |       |       |     3 |    23 |     5 ||    31
  Use: Scroll            |     3 |     5 |    14 |    13 |     4 ||    39
       Potion            |       |       |     4 |    11 |     6 ||    21
 Stab: Confused          |       |       |     1 |       |       ||     1
       Paralysed         |       |       |       |     6 |       ||     6
       Sleeping          |       |       |       |       |     4 ||     4
       Invisible         |       |       |       |       |     1 ||     1
  Eat: Chunk             |     2 |     4 |     3 |    18 |     3 ||    30
       Ration            |       |       |     3 |     1 |     1 ||     5
Armor: Scale mail        |    18 |       |       |       |       ||    18
       Chain mail        |    59 |   104 |   286 |    75 |       ||   524
       Plate armour      |       |       |       |   275 |   111 ||   386
Dodge: Dodged            |    33 |    49 |   133 |   162 |    91 ||   468
Block: Kite shield       |    69 |   100 |   273 |   284 |   130 ||   856
